 Dungeon Crawl Stone Soup version 0.31.0-10-gcf4a605ca0 (webtiles) character file.

Game seed: 12334012615836697293

81064 sanka the Tortoise (level 15, -4/158 HPs)
             Began as a Minotaur Fighter on Jan 26, 2024.
             Was a High Priest of the Shining One.
             Killed from afar by a rakshasa (22 damage)
             ... with a lance of force
             ... on level 3 of the Abyss.
             The game lasted 00:48:12 (27873 turns).

sanka the Tortoise (Minotaur Fighter)              Turns: 27873, Time: 00:48:13

Health: -4/158     AC: 32    Str: 23    XL:     15   Next: 25%
Magic:  9/20       EV: 12    Int:  5    God:    the Shining One [*****.]
Gold:   148        SH: 16    Dex: 17    Spells: 14/14 levels left

rFire   + + .        a - +0 morningstar
rCold   . . .        P - +2 kite shield
rNeg    + + .        I - +4 plate armour of Analysis {Str+2}
rPois   .            A - +0 hat
rElec   .            O - +0 cloak
rCorr   +            R - +0 pair of gloves {infuse}
SInv    .            S - +2 pair of boots
Will    +....        (no amulet) Stlth
                     u - ring "Donk" {rF++ rCorr}
HPRegen 0.46/turn    x - +4 ring of protection
MPRegen 0.17/turn

%: infuse magic (1 MP)
@: glowing, studying Axes
A: horns 2, retaliatory headbutt, robust 1
a: Renounce Religion, Divine Shield, Cleansing Flame, Summon Divine Warrior


You were on level 3 of the Abyss.
You worshipped the Shining One.
The Shining One was extremely pleased with you.
You visited 3 branches of the dungeon, and saw 19 of its levels.
You visited the Abyss 3 times.
You also visited: Bailey.

You collected 1427 gold pieces.
You spent 1279 gold pieces at shops.


Innate Abilities, Weirdness & Mutations

You have a pair of horns on your head.
You reflexively headbutt those who attack you in melee.
You are robust. (+10% HP)


   Skills:
 + Level 16.1 Fighting
 - Level 12.0 Maces & Flails
 + Level 16.2 Armour
 + Level 10.0 Dodging
 + Level 16.1 Shields
 - Level 8.0 Invocations


You had 14 spell levels left.
You didn't know any spells.
Your spell library contained the following spells:

 Spells                   Type           Power      Damage    Failure   Level
 Magic Dart               Conj           0%         1d3       99%         1
 Sandblast                Erth           0%         2d4       99%         1
 Blink                    Tloc           0%         N/A       100%        2
 Call Imp                 Summ           0%         N/A       100%        2
 Ensorcelled Hibernation  Hex/Ice        0%         N/A       100%        2
 Jinxbite                 Hex            0%         N/A       100%        2
 Lesser Beckoning         Tloc           0%         N/A       100%        2
 Static Discharge         Conj/Air       0%         3-3/arc   100%        2
 Call Canine Familiar     Summ           0%         N/A       100%        3
 Fugue of the Fallen      Necr           0%         N/A       100%        3
 Gell's Gravitas          Tloc           0%         N/A       100%        3
 Passwall                 Erth           0%         N/A       100%        3
 Sigil of Binding         Hex            0%         N/A       100%        3
 Stone Arrow              Conj/Erth      0%         3d7       100%        3
 Teleport Other           Tloc           0%         N/A       100%        3
 Airstrike                Air            0%         2d(0-16)  100%        4
 Anguish                  Hex/Necr       0%         N/A       100%        4
 Brom's Barrelling Bould  Conj/Erth      0%         2d3       100%        4
 Dimensional Bullseye     Hex/Tloc       0%         N/A       100%        4
 Summon Lightning Spire   Summ/Air       0%         N/A       100%        4
 Yara's Violent Unravell  Hex/Alch       0%         3d3       100%        5
 Enfeeble                 Hex            0%         N/A       100%        7

Inventory:

Hand Weapons
 a - a +0 morningstar (weapon)
 Q - a +5 demon whip
Missiles
 L - 2 curare-tipped darts {=f}
Armour
 A - a +0 hat (worn)
 I - the +4 plate armour of Analysis (worn) {Str+2}

   Str+2:     It affects your strength (+2).
 O - a +0 cloak (worn)
 P - a +2 kite shield (worn)
 R - a +0 pair of gloves of infusion (worn)
 S - a +2 pair of boots (worn)
Jewellery
 u - the ring "Donk" (left hand) {rF++ rCorr}

   [ring of resist corrosion]

   rF++:      It greatly protects you from fire.
   rCorr:     It protects you from acid and corrosion.
 x - a +4 ring of protection (right hand)
 K - a +6 ring of strength
 M - a +6 ring of dexterity
Wands
 b - a wand of mindburst (12)
 y - a wand of roots (12)
 B - a wand of flame (18)
 D - a wand of charming (15)
 J - a wand of acid (4)
Scrolls
 g - 6 scrolls of enchant weapon
 i - 2 scrolls of blinking
 k - 7 scrolls of immolation {!r}
 l - 6 scrolls of revelation
 o - 2 scrolls of fog
 p - 4 scrolls of poison {!r}
 q - 7 scrolls of noise {!r}
 s - 2 scrolls of silence {!r}
 t - a scroll of summoning
 w - 4 scrolls of teleportation {@r4}
 E - 3 scrolls of fear
 N - a scroll of vulnerability {!r}
Potions
 c - a potion of resistance {unknown}
 d - 8 potions of might
 e - 2 potions of magic
 f - 4 potions of curing {@q1}
 h - 3 potions of attraction {!q}
 j - 2 potions of brilliance
 m - 5 potions of mutation {!q}
 v - 9 potions of haste {@q3}
 z - 4 potions of heal wounds {@q2}
 C - a potion of enlightenment {unknown}
 F - 3 potions of invisibility
 G - 2 potions of berserk rage {!q}
 H - a potion of cancellation {unknown}

Dungeon Overview and Level Annotations

Branches:
Dungeon (15/15)            Temple (1/1) D:4            Lair (0/5) D:8
    Orc (0/2) D:11         Vaults (0/5) D:14         Depths (3/4) D:15
 Bailey (visited)

Altars:
Ashenzari
Cheibriados
Dithmenos
Elyvilon
Fedhas
Gozag
Hepliaklqana
Kikubaaqudgha
Makhleb
Nemelex Xobeh
Okawaru
Qazlal
Ru
Sif Muna
Trog
Uskayaw
Vehumet
Wu Jian
Xom
Yredelemnul
Zin
The Shining One

Shops:
D:7 *(?   Depths:1 [*[?   Depths:2 [

Portals:
Hell: Depths:1 Depths:2
Abyss: Depths:1
Pandemonium: Depths:1 Depths:2
Trove: D:13 (give +3 gold dragon scales)

Annotations:
D:8 exclusion: downstairs
D:9 2 transporters, shugdite's ghost, novice MiBe
D:11 exclusion: downstairs
D:13 2 transporters, Mallanif's ghost, journeyman GnSh
D:14 exclusion: downstairs
Depths:1 2 runed translucent doors, sanka's ghost, journeyman GrEE
Depths:2 exclusions: Tzitzimitl and 3 more exclusions

. ▒ .▒▒ .▒ ▒▒ ▒.. . ..
. ..▒ ▒ ▒... .▒▒▒ ..▒
.▒ ▒)# .▒▒▒▒▒.▒ .▒ .
▒▒ ▒▒.▒x...▒▒.▒ ▒XR▒ ▒
▒▒...▒d▒....▒ ▒▒▒▒▒▒.
▒.▒▒.▒..H.▒
....▒.▒▒▒....R.▒▒▒...▒
. ..▒..▒.▒..▒▒▒▒ .▒▒ .
▒.▒.. ▒▒..... ._ .▒
..▒..▒..▒..▒.. .▒ ▒
.▒▒.▒..▒▒..▒▒ .▒
▒▒..▒▒▒▒ . ▒ .....▒
.▒. ▒..▒..▒ ▒..


You could see a black draconian, a rakshasa and an ancient zyme.


Message History

Unknown command.
A lurking horror is nearby!
You start resting.
A wretched star comes into view.
The rakshasa attacks as it pursues you!
The rakshasa hits you but does no damage.
The rakshasa misses you.
A black draconian comes into view. It is wielding a +0 glaive.
The black draconian roars!
The rakshasa gestures at you. The lance of force misses you.
You block the black draconian's attack. The black draconian barely misses you.
You furiously retaliate!
You headbutt the black draconian.
The black draconian hits you but does no damage.
An ancient zyme comes into view.
You feel yourself growing ill in the presence of the ancient zyme.
The lurking horror attacks as it pursues you!
Your body is wracked with pain!
* * * LOW HITPOINT WARNING * * *
The black draconian convulses!
You block the black draconian's attack. The ancient zyme completely misses you.
The ancient zyme hits you!
* * * LOW HITPOINT WARNING * * *
Found a corrupted altar of Lugonu.
The rakshasa gestures at you. The lance of force hits you!!
You die...

Action                     |  1- 3 |  4- 6 |  7- 9 | 10-12 | 13-15 || total
---------------------------+-------+-------+-------+-------+-------++-------
  Melee: Flail             |    87 |    70 |       |       |       ||   157
         Headbutt          |    13 |    23 |    39 |   169 |   326 ||   570
         Morningstar       |       |    62 |   232 |   573 |   882 ||  1749
 Invoke: Divine Shield     |       |       |       |     1 |    10 ||    11
  Evoke: Wand              |       |       |       |     8 |       ||     8
    Use: Scroll            |       |       |    10 |     4 |     4 ||    18
         Potion            |       |       |       |       |     9 ||     9
 Armour: Scale mail        |    57 |    74 |   170 |    32 |       ||   333
         Plate armour      |       |       |       |   587 |   575 ||  1162
  Dodge: Dodged            |    57 |    49 |    73 |   180 |   208 ||   567
  Block: Buckler           |    18 |    12 |    46 |       |       ||    76
         Kite shield       |       |       |     1 |   596 |   729 ||  1326

Levels and vault maps discovered:
D:1:      mushboom_english_gardens, layout_loops_ring,
          shapermc_ecumenical_altar_acropolis
D:2:      minmay_angry_zag, layout_loops_cross, fountainhead, uniq_natasha
D:3:      layout_basic, lemuel_crystal_altar, minitemple,
          chequers_serial_rivers_marsh
D:4:      layout_loops_cross, bloody_makhleb, temple_green,
          nicolae_concentric_dashed_squares_mild
D:5:      layout_loops_cross, hellmonk_sif_muna_bookshelves, uniq_ijyb
D:6:      layout_loops_ring
D:7:      layout_basic, serial_shops, nicolae_shop_bloodbath_and_beyond, shop,
          nicolae_diamond_shop, minmay_manual_mandibuliform
D:8:      layout_loops_cross, grunt_lair_entry_orc_guard_hut
D:9:      layout_loops_ring, lemuel_doored_altar, enter_bailey_2,
          gammafunk_ghost_wrathful_warriors, kennysheep_opposing_triangles,
          uniq_psyche
D:10:     layout_gridville, grunt_gozag_statues,
          gammafunk_temple_overflow_forgotten, mainiacjoe_overflow_boulevard,
          grunt_qazlal_clouds, serial_bayou_pond_e, nicolae_underground_beach,
          uniq_sonja
D:11:     layout_layer_cave, minmay_orc_entry_temple_small
D:12:     layout_basic
D:13:     layout_basic, gammafunk_ghost_berserking_beasts,
          nicolae_trove_entry_path_of_doom, hangedman_decor_diamond_cutter
D:14:     layout_roguey, skrybe_vaults_entry_preservation,
          dreamdust_princess_corridor, kennysheep_generic_room_4
D:15:     grunt_enter_depths_hoard, layout_basic, minmay_misc_feat_four_crosses
Temple:   hellmonk_temple_rainy
Depths:1: layout_gridlike, abyss_entry, serial_sigils_hangedman_gut, hell_entry,
          serial_shops, shop, nicolae_square_shop, shop, nicolae_shop_trees,
          ebering_ghost_disaster_area, rand_demon_pan_entry_5,
          corexii_hall_statues_u, hellmonk_scarab_ruin
Depths:2: cheibrodos_tormentor_scu, layout_basic, hell_entry,
          rand_demon_pan_entry_1, serial_shops, shop, moated_statue,
          infiniplex_staircase_zigzag_1
Depths:3: hangedman_pleasuredromes, hell_entry, abyss_entry
Abyss:3:  base: D:1, spicy_abyss_rude_harpoons, spicy_abyss_planar_alliance

Notes
Turn   | Place    | Note
-------+----------+-------------------------------------------
     0 | D:1      | sanka the Minotaur Fighter began the quest for the Orb.
     0 | D:1      | Reached XP level 1. HP: 19/19 MP: 0/0
   202 | D:1      | Reached skill level 4 in Fighting
   202 | D:1      | Reached skill level 3 in Maces & Flails
   202 | D:1      | Reached XP level 2. HP: 27/27 MP: 1/1
   213 | D:1      | Found a faded altar of an unknown god.
   809 | D:2      | Noticed Natasha
   819 | D:2      | Killed Natasha
   820 | D:2      | Reached skill level 4 in Maces & Flails
   820 | D:2      | Reached XP level 3. HP: 17/33 MP: 2/2
   853 | D:2      | Noticed Natasha
  1082 | D:2      | Reached skill level 5 in Maces & Flails
  1082 | D:2      | Reached XP level 4. HP: 32/40 MP: 3/3
  1236 | D:2      | Killed Natasha
  1344 | D:2      | Noticed Natasha
  1351 | D:2      | Killed Natasha
  1352 | D:2      | Reached skill level 6 in Maces & Flails
  1352 | D:2      | Reached XP level 5. HP: 38/46 MP: 4/4
  1915 | D:3      | Found a sparkling altar of Nemelex Xobeh.
  2120 | D:3      | Found an iron altar of Okawaru.
  2125 | D:3      | Found a basalt altar of Yredelemnul.
  2243 | D:3      | Reached skill level 7 in Maces & Flails
  2797 | D:3      | Reached XP level 6. HP: 33/52 MP: 5/5
  3191 | D:4      | Found a staircase to the Ecumenical Temple.
  3219 | Temple   | Entered the Ecumenical Temple
  3316 | D:4      | Identified the +3 robe "Sigikly" {*Corrode Str+4 Int+8
                  | Dex-4}
  3347 | D:4      | Reached skill level 8 in Maces & Flails
  3427 | D:4      | Found a burning altar of Makhleb.
  3434 | D:4      | Identified the ring "Donk" {rF++ rCorr}
  3680 | D:5      | Entered Level 5 of the Dungeon
  3873 | D:5      | Found a shimmering blue altar of Sif Muna.
  3906 | D:5      | Noticed Ijyb
  3913 | D:5      | Killed Ijyb
  3914 | D:5      | Reached skill level 9 in Maces & Flails
  4050 | D:5      | Reached XP level 7. HP: 57/59 MP: 6/6
  4574 | D:6      | Reached skill level 10 in Maces & Flails
  5181 | D:7      | Reached skill level 11 in Maces & Flails
  5202 | D:7      | Found Corph's Magic Scroll Shop.
  5349 | D:7      | Reached XP level 8. HP: 66/66 MP: 7/7
  5507 | D:7      | Found Pingoorphi's Weapon Shop.
  5534 | D:7      | Reached skill level 12 in Maces & Flails
  5534 | D:7      | Reached skill level 4 in Armour
  5601 | D:7      | Reached skill level 5 in Fighting
  5627 | D:7      | Noticed a manticore
  5854 | D:7      | Reached skill level 5 in Armour
  5920 | D:7      | Found Boummoq's Assorted Antiques.
  6133 | D:7      | Killed a manticore
  6134 | D:7      | Reached skill level 6 in Fighting
  6134 | D:7      | Reached skill level 6 in Armour
  6134 | D:7      | Reached XP level 9. HP: 25/78 MP: 8/8
  6491 | D:7      | Reached skill level 7 in Fighting
  6506 | D:7      | Reached skill level 7 in Armour
  6892 | D:7      | Bought a scroll of identify for 28 gold pieces
  6892 | D:7      | Bought a scroll of teleportation for 42 gold pieces
  6892 | D:7      | Bought a scroll of fear for 56 gold pieces
  6892 | D:7      | Bought a scroll of blinking for 105 gold pieces
  6892 | D:7      | Bought a scroll of poison for 56 gold pieces
  6892 | D:7      | Bought a scroll of identify for 28 gold pieces
  6892 | D:7      | Bought a scroll of identify for 28 gold pieces
  7090 | D:8      | Reached skill level 8 in Fighting
  7106 | D:8      | Reached skill level 8 in Armour
  7397 | D:8      | Noticed a komodo dragon
  7406 | D:8      | Killed a komodo dragon
  7407 | D:8      | Reached skill level 9 in Fighting
  7407 | D:8      | Reached skill level 9 in Armour
  7836 | D:8      | Found a staircase to the Lair.
  8115 | D:9      | Reached skill level 4 in Shields
  8115 | D:9      | Reached XP level 10. HP: 88/92 MP: 9/9
  8136 | D:9      | Reached skill level 10 in Fighting
  8168 | D:9      | Noticed a two-headed ogre
  8168 | D:9      | Noticed Psyche
  8224 | D:8      | Reached skill level 10 in Armour
  8224 | D:8      | Reached skill level 5 in Shields
  8251 | D:9      | Noticed a two-headed ogre
  8251 | D:9      | Found a flagged portal.
  8264 | D:8      | Killed a two-headed ogre
  8265 | D:8      | Reached skill level 6 in Shields
  8266 | D:8      | Reached skill level 7 in Shields
  8405 | D:9      | Noticed a tengu warrior
  8407 | D:9      | Noticed a moth of wrath
  8408 | D:9      | Noticed shugdite's ghost (novice MiBe)
  8410 | D:9      | Noticed a two-headed ogre
  8414 | D:9      | Noticed a two-headed ogre
  8432 | Bailey   | Entered a bailey
  8495 | Bailey   | Reached skill level 1 in Dodging
  8606 | Bailey   | Found a large runed translucent door.
  8606 | Bailey   | Found a large runed translucent door.
  8607 | Bailey   | Noticed a deep elf zephyrmancer
  8610 | Bailey   | Noticed an orc knight
  8632 | Bailey   | Killed an orc knight
  8794 | Bailey   | Killed a deep elf zephyrmancer
  8795 | Bailey   | Reached skill level 8 in Shields
  8809 | Bailey   | Identified the +0 helmet of the Blind Marksman {rF+ Int+4}
  8812 | Bailey   | Identified the +4 plate armour of Analysis {Str+2}
  8978 | D:9      | Found a bloodstained altar of Trog.
  8986 | D:9      | Found a transporter.
  8995 | D:9      | Found a transporter.
  9116 | D:9      | Identified +0 steam dragon scales
  9128 | D:9      | Noticed a two-headed ogre
  9129 | D:9      | Noticed a two-headed ogre
  9141 | D:9      | Killed a two-headed ogre
  9142 | D:9      | Reached skill level 11 in Fighting
  9142 | D:9      | Reached skill level 11 in Armour
  9142 | D:9      | Reached XP level 11. HP: 91/102 MP: 10/10
  9156 | D:9      | Killed a two-headed ogre
  9157 | D:9      | Reached skill level 9 in Shields
  9300 | D:9      | Found a hide-covered altar of Uskayaw.
  9697 | D:9      | Killed Psyche
  9918 | D:9      | Killed a two-headed ogre
 10289 | D:10     | Entered Level 10 of the Dungeon
 10289 | D:10     | Noticed Sonja
 10292 | D:10     | Killed Sonja
 10304 | D:10     | Found a blossoming altar of Fedhas.
 10443 | D:10     | Found a stormy altar of Qazlal.
 10504 | D:10     | Reached skill level 10 in Shields
 10508 | D:10     | Found an opulent altar of Gozag.
 10560 | D:10     | Found a glowing silver altar of Zin.
 10560 | D:10     | Found a shadowy altar of Dithmenos.
 10568 | D:10     | Found a glowing golden altar of the Shining One.
 10572 | D:10     | Became a worshipper of the Shining One
 10602 | D:10     | Identified the +7 shortbow of Compassion {drain, Will+}
 10619 | D:10     | Noticed a five-headed hydra
 10627 | D:10     | Killed a five-headed hydra
 10628 | D:10     | Reached skill level 12 in Fighting
 10628 | D:10     | Reached skill level 12 in Armour
 11210 | D:11     | Noticed an orc knight
 11253 | D:11     | Noticed a two-headed ogre
 11574 | D:10     | Killed an orc knight
 11620 | D:10     | Reached skill level 11 in Shields
 11838 | D:10     | Reached XP level 12. HP: 109/113 MP: 11/11
 11854 | D:10     | Killed a two-headed ogre
 11855 | D:10     | Reached skill level 13 in Fighting
 11873 | D:11     | Reached skill level 13 in Armour
 12010 | D:11     | Found a staircase to the Orcish Mines.
 12794 | D:12     | Reached * piety under the Shining One
 12997 | D:12     | Noticed a two-headed ogre
 13012 | D:12     | Killed a two-headed ogre
 13961 | D:13     | Identified the +3 glaive of Kurch {pain, rPois rC- rN++
                  | rCorr}
 14037 | D:13     | Found a transporter.
 14044 | D:13     | Found a transporter.
 14048 | D:13     | Noticed a catoblepas
 14113 | D:13     | Reached skill level 12 in Shields
 14298 | D:13     | Noticed a centaur warrior
 14314 | D:13     | Killed a centaur warrior
 14323 | D:13     | Noticed a death knight
 14667 | D:13     | Found a portal to a secret trove of treasure.
 14681 | D:13     | Reached ** piety under the Shining One
 14751 | D:13     | Reached skill level 14 in Fighting
 14870 | D:13     | Reached skill level 14 in Armour
 15105 | D:13     | Noticed a tengu warrior
 15105 | D:13     | Noticed a tengu warrior
 15132 | D:13     | Killed a tengu warrior
 15145 | D:13     | Killed a tengu warrior
 15479 | D:13     | Noticed Mallanif's ghost (journeyman GnSh)
 15530 | D:13     | Killed a death knight
 16289 | D:13     | Found a transporter.
 16355 | D:13     | Found a transporter.
 16675 | D:13     | Found a portal to a secret trove of treasure.
 17022 | D:14     | Noticed a boulder beetle
 17024 | D:14     | Noticed a centaur warrior
 17043 | D:14     | Killed a centaur warrior
 17072 | D:14     | Noticed a centaur warrior
 17089 | D:14     | Killed a centaur warrior
 17090 | D:14     | Reached skill level 13 in Shields
 17253 | D:14     | Noticed a centaur warrior
 17267 | D:14     | Killed a centaur warrior
 17268 | D:14     | Reached XP level 13. HP: 110/125 MP: 12/12
 17383 | D:14     | Noticed an ironbound preserver
 17523 | D:14     | Found a gate to the Vaults.
 17551 | D:14     | Killed an ironbound preserver
 17665 | D:14     | Reached skill level 15 in Fighting
 17689 | D:14     | Reached skill level 15 in Armour
 18067 | D:13     | Reached skill level 14 in Shields
 18550 | D:14     | Reached skill level 15 in Shields
 18563 | D:14     | Reached skill level 2 in Dodging
 18940 | D:15     | Entered Level 15 of the Dungeon
 18980 | D:15     | Reached skill level 1 in Invocations
 19017 | D:15     | Reached skill level 3 in Dodging
 19117 | D:15     | Reached skill level 2 in Invocations
 19410 | D:15     | Reached skill level 4 in Dodging
 19416 | D:15     | Reached skill level 3 in Invocations
 19727 | D:15     | Reached *** piety under the Shining One
 19728 | D:15     | Reached skill level 5 in Dodging
 19728 | D:15     | Reached skill level 4 in Invocations
 20376 | D:15     | Identified +0 ice dragon scales
 20377 | D:15     | Reached skill level 6 in Dodging
 20636 | D:15     | Reached skill level 5 in Invocations
 20721 | D:15     | Found a staircase to the Depths.
 21186 | Depths:1 | Entered Level 1 of the Depths
 21186 | Depths:1 | Found a large runed translucent door.
 21186 | Depths:1 | Found a large runed translucent door.
 21195 | Depths:1 | Found Leclieh's Antique Armour Shoppe.
 21213 | Depths:1 | Found Kuvyahul's Magic Scroll Shoppe.
 21242 | Depths:1 | Found Jureqit's General Store.
 21282 | Depths:1 | Found a one-way gate to the infinite horrors of the Abyss.
 21356 | Depths:1 | Noticed a stone giant
 21379 | Depths:1 | HP: 5/126 [stone giant (17)]
 21380 | Depths:1 | Killed a stone giant
 21717 | Depths:1 | Noticed a sphinx
 21727 | Depths:1 | Killed a sphinx
 21728 | Depths:1 | Reached XP level 14. HP: 135/135 MP: 15/17
 21745 | Depths:1 | Found Iciroig's Armour Shoppe.
 21840 | Depths:1 | Found a one-way gate leading to the halls of Pandemonium.
 21869 | Depths:1 | Reached skill level 7 in Dodging
 21874 | Depths:1 | HP: 1/135 [sun demon (18)]
 21883 | Depths:1 | Reached skill level 6 in Invocations
 22233 | Depths:1 | Noticed a stone giant
 22254 | Depths:1 | Killed a stone giant
 22417 | Depths:1 | Noticed a frost giant
 22438 | Depths:1 | Killed a frost giant
 22699 | Depths:1 | Found a gateway to Hell.
 22756 | Depths:1 | Noticed sanka's ghost (journeyman GrEE)
 22844 | Depths:1 | Bought a scroll of identify for 36 gold pieces
 23156 | Depths:2 | Reached skill level 8 in Dodging
 23271 | Depths:2 | Reached skill level 7 in Invocations
 23308 | Depths:2 | Noticed a Tzitzimitl
 23308 | Depths:2 | Noticed a Tzitzimitl
 23567 | Depths:2 | Noticed a lich
 24030 | Depths:2 | Killed a lich
 24158 | Depths:2 | Found Awamamn's Antique Armour Emporium.
 24162 | Depths:2 | Bought a pair of glowing gloves for 270 gold pieces
 24162 | Depths:2 | Bought a pair of runed boots for 270 gold pieces
 24229 | Depths:2 | Reached skill level 8 in Invocations
 24337 | Depths:2 | Noticed a vampire knight
 24350 | Depths:2 | Paralysed by a vampire knight for 5 turns
 24352 | Depths:2 | HP: 10/135 [vampire knight/+0 great mace (5)]
 24353 | Depths:2 | The Shining One protects you from harm!
 24353 | Depths:2 | HP: 4/135 [vampire knight/+0 great mace (7)]
 24361 | Depths:2 | Killed a vampire knight
 24728 | Depths:1 | Bought 2 potions of heal wounds for 180 gold pieces
 24728 | Depths:1 | Bought a potion of haste for 180 gold pieces
 25781 | Depths:2 | Identified +0 fire dragon scales
 25979 | Depths:3 | Noticed a green very ugly thing
 25980 | Abyss:2  | Cast into level 2 of the Abyss (an occultist)
 26148 | Abyss:2  | Reached **** piety under the Shining One
 26193 | Abyss:2  | Found a corrupted altar of Lugonu.
 26450 | Abyss:2  | Reached skill level 9 in Dodging
 26458 | Depths:3 | Escaped the Abyss
 26476 | Depths:2 | Killed a green very ugly thing
 26892 | Abyss:2  | Cast into level 2 of the Abyss (an occultist)
 27040 | Abyss:2  | Reached XP level 15. HP: 117/143 MP: 8/20
 27069 | Abyss:2  | Noticed a tentacled starspawn
 27071 | Abyss:2  | Gained mutation: You are robust. (+10% HP) [a neqoxec]
 27079 | Abyss:2  | Killed a tentacled starspawn
 27178 | Abyss:2  | Reached ***** piety under the Shining One
 27395 | Abyss:2  | Found a corrupted altar of Lugonu.
 27408 | Abyss:2  | Reached skill level 16 in Armour
 27408 | Abyss:2  | Found a corrupted altar of Lugonu.
 27448 | Abyss:2  | Found a corrupted altar of Lugonu.
 27462 | Abyss:2  | Reached skill level 16 in Fighting
 27486 | Abyss:2  | Reached skill level 16 in Shields
 27576 | Abyss:2  | Noticed a deep elf sorcerer
 27586 | Abyss:2  | Killed a deep elf sorcerer
 27589 | Depths:3 | Escaped the Abyss
 27615 | Depths:2 | Identified +0 fire dragon scales
 27781 | Abyss:3  | Cast into level 3 of the Abyss (an occultist)
 27838 | Abyss:3  | Reached skill level 10 in Dodging
 27873 | Abyss:3  | Found a corrupted altar of Lugonu.
 27873 | Abyss:3  | Killed from afar by a rakshasa

Vanquished Creatures
  A lich (Depths:2)
  A sphinx (Depths:1)
  A tentacled starspawn (Abyss:2)
  A frost giant (Depths:1)
  A balrug (Abyss:3)
  A deep elf sorcerer (Abyss:2)
  An ironbound preserver (D:14)
  2 stone giants (Depths:1)
  2 very ugly things
  A vampire knight (Depths:2)
  A bunyip (Abyss:2)
  A green death (Depths:1)
  3 fire dragons (Depths:2)
  2 rakshasas (D:15)
  3 hydras
  A hell beast (Depths:1)
  3 ice dragons
  A death knight (D:13)
  7 centaur warriors
  4 boulder beetles
  A death scarab (Depths:1)
  6 two-headed ogres
  4 tengu warriors
  2 thrashing horrors (Abyss:2)
  A deep troll shaman (Depths:2)
  2 hell knights (Depths:2)
  2 spriggan berserkers (Depths:2)
  2 soul eaters
  3 occultists
  A sun demon (Depths:1)
  Sonja (D:10)
  7 skeletal warriors
  A sixfirhy (Abyss:2)
  3 glowing orange brains
  A spark wasp zombie (Depths:3)
  A deep troll (Depths:2)
  4 large abominations (Abyss:2)
  An orc knight (D:10)
  A deep elf zephyrmancer (Bailey)
  3 phantasmal warriors
  A harpy (shapeshifter) (D:15)
  2 deep elf pyromancers
  7 ugly things
  2 manticores
  A worldbinder (Abyss:2)
  A meliai (D:14)
  2 cyclopes (D:14)
  3 rust devils (Abyss:2)
  A gargoyle (D:12)
  A dire elephant skeleton (Abyss:2)
  3 unseen horrors (D:10)
  A cane toad (shapeshifter) (D:15)
  A smoke demon (Abyss:2)
  A kobold demonologist (D:12)
  2 efreet
  An orange demon (Abyss:2)
  2 guardian mummies (D:13)
  A komodo dragon (D:8)
  Psyche (D:9)
  2 freezing wraiths
  2 tengu conjurers
  A hellwing (Abyss:2)
  2 ancient zymes (Abyss:2)
  5 trolls
  4 blink frogs (Abyss:2)
  7 raiju (Abyss:2)
  4 slime creatures (D:13)
  6 small abominations (Abyss:2)
  4 water elementals (D:10)
  4 wyverns
  26 yaks
  A ynoxinul (Abyss:2)
  A basilisk (D:15)
  A neqoxec (Abyss:2)
  2 chaos spawn (Abyss:2)
  3 wargs
  A steam dragon (D:9)
  An acid dragon (D:12)
  2 water moccasins
  8 orc warriors
  4 sky beasts
  An ice beast (shapeshifter) (D:14)
  2 black bears
  5 laughing skulls
  3 boggarts (D:14)
  18 centaurs
  A weeping skull (Abyss:2)
  2 kobold brigands (D:12)
  2 bullfrogs (D:8)
  4 gnoll sergeants
  3 scorpions
  A wight (D:7)
  A hornet simulacrum (D:15)
  4 howler monkeys
  A quasit (Abyss:2)
  9 orc priests
  4 bombardier beetles
  A gnoll bouda (D:4)
  2 hounds
  6 starcursed masses (Abyss:2)
  An iron imp (Abyss:2)
  Natasha (thrice) (D:2)
  A sleepcap (D:8)
  Ijyb (D:5)
  2 iguanas
  12 orc wizards
  28 gnolls
  5 adders
  4 white imps
  2 ufetubi (Abyss:2)
  4 dart slugs
  3 ribbon worms
  34 orcs
  7 bats
  4 endoplasms
  3 giant cockroaches
  6 goblins
  9 hobgoblins
  5 kobolds
  4 quokkas
  7 ball pythons
  5 frilled lizards
  5 rats
435 creatures vanquished.

Vanquished Creatures (collateral kills)
  An orc knight (Bailey)
  An orc warrior (Bailey)
  An orc (Bailey)
3 creatures vanquished.

Vanquished Creatures (others)
  A lurking horror (Abyss:3)
  2 starspawn tentacles (Abyss:2)
3 creatures vanquished.

Grand Total: 441 creatures vanquished
